 Dungeon Crawl Stone Soup version 0.24-a0-545-gd1b266bae6 (webtiles) character file.

Game seed: 17844705867893135469

3840 Majang the Cleaver (level 10, -9/79 HPs)
             Began as a Formicid Fighter on Aug 18, 2019.
             Was a Priest of Makhleb.
             Mangled by a white ugly thing (22 damage)
             ... on level 9 of the Dungeon.
             The game lasted 00:33:21 (8756 turns).

Majang the Cleaver (Formicid Fighter)               Turns: 8756, Time: 00:33:22

Health: -9/79      AC: 10    Str: 29    XL:     10   Next: 40%
Magic:  13/13      EV: 12    Int:  8    God:    Makhleb [***...]
Gold:   414        SH: 12    Dex: 14    Spells: 9/9 levels left

rFire    . . .     SeeInvis +   a - +1 war axe
rCold    . . .     Gourm    .   c - +0 shield
rNeg     + . .     Faith    .   A - +1 scale mail of the Slorg {Dex+4 SInv}
rPois    .         Spirit   .   (helmet unavailable)
rElec    .         Reflect  .   (no cloak)
rCorr    .         Harm     .   (no gloves)
MR       +....                  (no boots)
Stlth    ..........             y - amulet of the acrobat
HPRegen  0.23/turn              s - +2 ring of protection
MPRegen  0.13/turn              G - ring of positive energy (curse)

@: mighty
A: permanent stasis, dig shafts and tunnels, four strong arms, antennae 3
a: Dig, Shaft Self, Minor Destruction, Lesser Servant of Makhleb, Renounce
Religion


You were on level 9 of the Dungeon.
You worshipped Makhleb.
Makhleb was most pleased with you.
You were not hungry.

You visited 2 branches of the dungeon, and saw 10 of its levels.

You collected 534 gold pieces.
You spent 120 gold pieces at shops.

Inventory:

Hand Weapons
 a - a +1 war axe (weapon)
 H - a +5 flail
Missiles
 k - 111 arrows
 m - 5 javelins
 r - 4 silver javelins (quivered)
 D - 15 boomerangs
Armour
 c - a +0 shield (worn)
 x - a +0 chain mail
 A - the +1 scale mail of the Slorg (worn) {Dex+4 SInv}
   (You found it on level 5 of the Dungeon)

   It affects your dexterity (+4).
   It lets you see invisible.
Jewellery
 s - a +2 ring of protection (left hand)
 v - an uncursed amulet of the gourmand
 y - an amulet of the acrobat (around neck)
 B - an uncursed ring of resist corrosion
 G - a cursed ring of positive energy (right hand)
Wands
 l - a wand of random effects (28)
 w - a wand of polymorph (6)
 E - a wand of flame (33)
 F - a wand of scattershot (6)
Scrolls
 h - 3 scrolls of magic mapping
 j - 6 scrolls of identify
 n - a scroll of enchant weapon
 o - 2 scrolls of fear
 q - 5 scrolls of remove curse
Potions
 b - 2 potions of mutation {unknown}
 e - a potion of resistance {unknown}
 g - 2 potions of lignification {unknown}
 i - 4 potions of curing
 p - a potion of haste {unknown}
 t - 4 potions of degeneration {unknown}
 u - a potion of flight {unknown}
 z - a potion of agility {unknown}
Comestibles
 f - 15 rations
 C - 2 chunks of flesh


   Skills:
 + Level 7.0 Fighting
 * Level 8.2 Axes
 + Level 6.8 Armour
 + Level 4.9 Dodging
 + Level 7.5 Shields
 + Level 5.2 Invocations


You had 9 spell levels left.
You didn't know any spells.
Your spell library contained the following spells:

 Spells                   Type           Power        Failure   Level  Hunger
 Beastly Appendage        Tmut           #.....       75%         1    ##.....
 Corona                   Hex            #......      75%         1    ##.....
 Sandblast                Erth           #.....       75%         1    ##.....
 Ensorcelled Hibernation  Hex/Ice        #.....       87%         2    ###....
 Passwall                 Tmut/Erth      #.......     87%         2    ###....
 Slow                     Hex            #.......     87%         2    ###....
 Sticks to Snakes         Tmut           #.......     87%         2    ###....
 Confuse                  Hex            #.......     98%         3    ####...
 Dazzling Spray           Conj/Hex       #.....       98%         3    ####...
 Inner Flame              Hex/Fire       #.......     98%         3    ####...
 Portal Projectile        Hex/Tloc       #.....       98%         3    ####...
 Spider Form              Tmut/Pois      #.........   98%         3    ####...
 Stone Arrow              Conj/Erth      #.....       98%         3    ####...
 Tukima's Dance           Hex            #.......     98%         3    ####...
 Cause Fear               Hex            #.........   100%        4    #####..
 Ice Form                 Ice/Tmut       #.......     100%        4    #####..
 Leda's Liquefaction      Hex/Erth       #.........   100%        4    #####..
 Petrify                  Tmut/Erth      #.......     100%        4    #####..
 Blade Hands              Tmut           #.........   100%        5    ######.
 Lee's Rapid Deconstruct  Erth           #.........   100%        5    ######.


Dungeon Overview and Level Annotations

Branches:
Dungeon (9/15)             Temple (1/1) D:4
   Lair: D:8-11         Orc: D:9-12

Altars:
Fedhas
Makhleb
Qazlal
Sif Muna
Vehumet
Wu Jian
The Shining One

Shops:
D:5 ([!:   D:6 ==*[   D:9 (

Annotations:
D:9 exclusion: orange crystal statue


Innate Abilities, Weirdness & Mutations

You cannot be hasted, slowed, berserked, paralysed or teleported.
You can dig through walls and to a lower floor.
Your four strong arms can wield two-handed weapons with a shield.
You have a pair of large antennae on your head. (SInv)


Message History

The white ugly thing bites you but does no damage.
You barely miss the white ugly thing.
The white ugly thing is heavily wounded.
The white ugly thing bites you but does no damage.
You hit the white ugly thing.
The white ugly thing is heavily wounded.
The white ugly thing bites you. The white ugly thing freezes you!!
You slash the white ugly thing!
The white ugly thing is severely wounded.
The white ugly thing bites you! The white ugly thing freezes you!
* * * LOW HITPOINT WARNING * * *
You closely miss the white ugly thing.
The white ugly thing is severely wounded.
The white ugly thing bites you but does no damage.
You slash the white ugly thing!
The white ugly thing is almost dead.
The white ugly thing bites you.
* * * LOW HITPOINT WARNING * * *
The white ugly thing freezes you!!
You die...

........####....# #..#...##...#
#.....###........ ...# ##......
########.....#############.......
.......#.........................
##.....#...###'###.....###†###...
##.....#..##..##.##...##.#.#.##..
.........##.###.#.##.##.#.#.#.##.
........##.##†.###.###.#.#.#.#.##
........#.##.###@##.#.#.#.#.#.#.#
#######.#.#)##.u#.#)##.#.#.#.#.##
# ..+.#.#.}.#.#.'.#.#.#.#.#.' +
..#.#.##)##.#.##.#.#.#.#.## #
#..#.##.###.##.#.#.#.#.#.#.# #
#..##.##...##.###.#.#.#.#.## #
##.#####.## ##.#)#.#.##. #
##.....## ##.#.#.##.. ###+###
###'###...


You could see a white ugly thing.

Vanquished Creatures
  Prince Ribbit (D:7)
  A redback (D:9)
  A hungry ghost (D:8)
  An ice beast (D:7)
  A phantom (D:5)
  3 orc warriors
  A necrophage (D:7)
  6 ogres
  A black bear (D:9)
  5 bullfrogs (D:6)
  6 scorpions
  A killer bee (D:9)
  A wight (D:9)
  3 howler monkeys
  2 crimson imps
  A bullfrog zombie (D:5)
  2 centaur zombies
  A gnoll shaman (D:3)
  5 hounds
  7 jellies
  An orc priest (D:4)
  Natasha (thrice) (D:3)
  4 iguanas
  7 orc wizards
  6 worker ants
  A hound zombie (D:9)
  A worker ant zombie (D:6)
  2 gnolls (D:4)
  13 adders
  A shadow imp (D:6)
  6 oozes
  3 adder skeletons
  3 worms
  5 dart slugs
  5 leopard geckos
  27 orcs
  7 giant cockroaches
  3 goblins (D:3)
  9 hobgoblins
  12 jackals
  10 kobolds
  5 quokkas
  A ball python (D:6)
  7 bats
  8 frilled lizards
  A leopard gecko skeleton (D:4)
  A quokka zombie (D:5)
  8 rats
210 creatures vanquished.

Notes
Turn   | Place    | Note
-------+----------+-------------------------------------------
     0 | D:1      | Majang the Formicid Fighter began the quest for the Orb.
     0 | D:1      | Reached XP level 1. HP: 18/18 MP: 1/1
   231 | D:1      | Reached XP level 2. HP: 22/24 MP: 2/2
   690 | D:1      | Reached XP level 3. HP: 29/29 MP: 3/3
  1050 | D:2      | Reached skill level 1 in Dodging
  1212 | D:2      | Found a glowing golden altar of the Shining One.
  1320 | D:2      | Reached XP level 4. HP: 35/36 MP: 4/4
  1736 | D:3      | Noticed Natasha
  1750 | D:3      | Killed Natasha
  1750 | D:3      | Reached skill level 3 in Axes
  1989 | D:3      | Found a faded altar of an unknown god.
  2119 | D:3      | Reached XP level 5. HP: 39/42 MP: 5/5
  2332 | D:3      | Noticed Natasha
  2341 | D:3      | Killed Natasha
  2367 | D:3      | You fall into a shaft and drop 2 floors!
  2367 | D:5      | Entered Level 5 of the Dungeon
  2367 | D:5      | Found Ceaseph's Distillery.
  2374 | D:5      | Reached XP level 6. HP: 46/48 MP: 6/6
  2381 | D:5      | Bought a potion of heal wounds for 75 gold pieces
  2381 | D:5      | Bought a potion of curing for 45 gold pieces
  2392 | D:5      | Noticed a phantom
  2446 | D:5      | Killed a phantom
  2446 | D:5      | Reached skill level 4 in Axes
  2554 | D:5      | Reached XP level 7. HP: 45/55 MP: 7/7
  2771 | D:5      | Reached skill level 5 in Shields
  3186 | D:3      | Noticed Natasha
  3190 | D:3      | Killed Natasha
  3545 | D:4      | Found a burning altar of Makhleb.
  3571 | D:4      | Became a worshipper of Makhleb the Destroyer
  3579 | D:4      | Reached skill level 5 in Axes
  3693 | D:4      | Found a blossoming altar of Fedhas.
  3893 | D:3      | Reached XP level 8. HP: 51/61 MP: 8/8
  3956 | D:4      | Reached skill level 1 in Invocations
  4024 | D:4      | Reached skill level 5 in Fighting
  4152 | D:4      | Found a staircase to the Ecumenical Temple.
  4160 | Temple   | Entered the Ecumenical Temple
  4417 | D:5      | HP: 2/62 [ogre/+0 giant club (13)]
  4422 | D:5      | Reached skill level 5 in Armour
  4647 | D:5      | Found Ifi Belu's Book Shop.
  4661 | D:5      | Got an encrusted scale mail
  4678 | D:5      | Identified the +1 scale mail of the Slorg {Dex+4 SInv} (You
                  | found it on level 5 of the Dungeon)
  4708 | D:5      | Found an ornate altar of the Wu Jian Council.
  4709 | D:5      | Found a shimmering blue altar of Sif Muna.
  4816 | D:5      | Found Irokk's Armour Boutique.
  4816 | D:5      | Found Xasoiril's Antique Weapon Shop.
  4929 | D:6      | Found Ilomad's Jewellery Shoppe.
  5204 | D:6      | Found Oruofem's Jewellery Shop.
  5271 | D:6      | Reached * piety under Makhleb
  5369 | D:6      | Reached skill level 6 in Axes
  5441 | D:6      | Found Bagugg's Antique Armour Emporium.
  5453 | D:6      | Found Vyteat's General Store.
  5463 | D:6      | Reached XP level 9. HP: 58/69 MP: 9/11
  6207 | D:6      | Found a radiant altar of Vehumet.
  6211 | D:6      | Found a stormy altar of Qazlal.
  6401 | D:7      | Noticed Prince Ribbit
  6413 | D:7      | Killed Prince Ribbit
  6507 | D:7      | Reached ** piety under Makhleb
  6516 | D:7      | Reached skill level 7 in Axes
  7203 | D:8      | Reached XP level 10. HP: 77/77 MP: 13/13
  8070 | D:9      | Noticed an orange crystal statue
  8351 | D:9      | Found Suapeoho's Weapon Shop.
  8429 | D:9      | Reached skill level 8 in Axes
  8495 | D:9      | Reached skill level 5 in Invocations
  8600 | D:9      | Reached *** piety under Makhleb
  8742 | D:9      | Noticed a white ugly thing
  8756 | D:9      | Mangled by a white ugly thing

Levels and vault maps discovered:
D:1:      eino_arrival_water_star, layout_rooms, minivault_26
D:2:      layout_loops_ring, tso_metal_star
D:3:      layout_basic, first_ration, chequers_ecumenical_altar_simple_redux,
          minmay_fractal_squares_5, uniq_natasha
D:4:      layout_basic, bloody_makhleb, temple_doors_cd, fedhas_ov_isle_minmay
D:5:      layout_rooms, gammafunk_temple_overflow_pools, serial_shops, shop,
          nicolae_shop_waterfront, shop, shop
D:6:      layout_basic, minitemple, serial_shops, shop, shop, shop, shop,
          minmay_misc_feat_rugged, minmay_chambers_of_fives
D:7:      layout_cave_pools, uniq_prince_ribbit1
D:8:      layout_layer_cave, hangedman_little_slice_of_home
D:9:      minmay_the_grid_octo_2x2 [minmay_the_grid_octo_empty,
          minmay_the_grid_octo_fat_diamond, minmay_the_grid_octo_checkered,
          minmay_the_grid_octo_prize_single_spiral], layout_stronghold,
          serial_shops, shop, kennysheep_donut, minmay_misc_feat_secret_circle,
          minmay_protected_statue
Temple:   regret_index_temple_sphere_string

Skill      XL: |  1  2  3  4  5  6  7  8  9 10 |
---------------+-------------------------------+-----
Dodging        | 1 2 3 4 |  4.9
Shields        | 4 5 6 7 |  7.5
Axes           | 3 4 5 6 7 8 |  8.2
Fighting       | 4 5 6 7 |  7.0
Armour         | 4 5 6 |  6.8
Invocations    | 2 4 5 |  5.2

Action                   |  1- 3 |  4- 6 |  7- 9 | 10-12 || total
-------------------------+-------+-------+-------+-------++-------
Melee: War axe           |   117 |   158 |   407 |   138 ||   820
Throw: Javelin           |       |       |    20 |     7 ||    27
Invok: Minor Destruction |       |       |       |     7 ||     7
 Abil: Dig               |       |       |     2 |       ||     2
Evoke: Wand              |       |       |     2 |     2 ||     4
  Use: Scroll            |       |     6 |     9 |     1 ||    16
       Potion            |       |       |     2 |     1 ||     3
  Eat: Chunk             |     1 |     5 |    15 |     4 ||    25
       Ration            |       |       |     1 |       ||     1
Armor: Scale mail        |    48 |    63 |   134 |    40 ||   285
Dodge: Dodged            |    45 |    52 |   145 |    49 ||   291
Block: Shield            |    62 |    87 |   169 |    78 ||   396

Table legend:
 A = Non-vault XP
 B = Vault XP
 C = Vault XP percentage of total XP
 D = Non-vault monster count
 E = Vault monster count
 F = Vault count percentage of total count
                 A         B        C        D         E       F
            +---------+---------+-------+---------+---------+-------
      Total |    4204 |    1283 |  23.4 |     181 |      29 |  13.8
            +---------+---------+-------+---------+---------+-------
        D:1 |      38 |       0 |   0.0 |      20 |       0 |   0.0
        D:2 |      45 |       0 |   0.0 |      18 |       0 |   0.0
        D:3 |     179 |      59 |  24.8 |      21 |       7 |  25.0
        D:4 |     454 |       0 |   0.0 |      27 |       0 |   0.0
        D:5 |     597 |       0 |   0.0 |      15 |       0 |   0.0
        D:6 |    1223 |      58 |   4.5 |      42 |       4 |   8.7
        D:7 |     777 |     264 |  25.4 |      19 |       1 |   5.0
        D:8 |     471 |     166 |  26.1 |      12 |       8 |  40.0
        D:9 |     420 |     736 |  63.7 |       7 |       9 |  56.2
            +---------+---------+-------+---------+---------+-------
